 Dungeon Crawl Stone Soup version 0.22-b1-26-g9dbaab1 (webtiles) character file.

917 Gergoth the Magician (level 7, -2/36 HPs)
             Began as a Deep Elf Fire Elementalist on Aug 6, 2018.
             Was a Follower of Sif Muna.
             Slain by a black bear (4 damage)
             ... on level 5 of the Dungeon.
             The game lasted 00:09:55 (4694 turns).

Gergoth the Magician (Deep Elf Fire Elementalist)   Turns: 4694, Time: 00:09:55

Health: -2/36      AC:  3    Str:  7    XL:     7   Next: 83%
Magic:  5/19       EV: 13    Int: 20    God:    Sif Muna [*.....]
Gold:   186        SH:  0    Dex: 15    Spells: 5/20 levels left

rFire    . . .     SeeInvis .   r - +7 quarterstaff "Takh" {protect, -Tele +Inv rC++}
rCold    + + .     Gourm    .   (shield currently unavailable)
rNeg     . . .     Faith    .   a - +0 robe
rPois    .         Spirit   .   q - +0 helmet
rElec    .         Reflect  .   v - scarf {cloud immunity}
rCorr    .         Harm     .   (no gloves)
MR       .....     NoTele   +   (no boots)
Stlth    ++........             (no amulet)
HPRegen  0.12/turn              (no ring)
MPRegen  0.16/turn              (no ring)

@: very slightly contaminated, drained, divine energy
A: no striking features
a: Stop Divine Energy, Renounce Religion, Evoke Invisibility


You were on level 5 of the Dungeon.
You worshipped Sif Muna.
Sif Muna was aware of your devotion.
You were near starving.

You visited 1 branch of the dungeon, and saw 6 of its levels.

You collected 186 gold pieces.

Inventory:

Hand Weapons
 n - a +0 long sword
 r - the +7 quarterstaff "Takh" (weapon) {protect, -Tele +Inv rC++}
   (You found it on level 5 of the Dungeon)

   It protects the one who uses it against injury (+AC on strike).
   It greatly protects you from cold.
   It lets you turn invisible.
   It prevents most forms of teleportation.
Missiles
 t - 2 throwing nets (quivered)
Armour
 a - a +0 robe (worn)
 e - a +0 cloak
 q - a +0 helmet (worn)
 v - a scarf of cloud immunity (worn)
Jewellery
 y - a cursed +3 amulet of reflection {unknown}
Scrolls
 d - a scroll of identify
 f - a scroll of magic mapping
 g - a scroll of fear
 i - a scroll of noise {unknown}
 k - 5 scrolls of remove curse
 l - a scroll of immolation {unknown}
 m - 3 scrolls of blinking {unknown}
 u - a scroll of fog {unknown}
 w - a scroll of brand weapon {unknown}
Potions
 b - 3 potions of lignification
 h - 2 potions of curing
 j - 2 potions of mutation
 o - a potion of heal wounds
 p - 2 potions of flight {unknown}
 s - a potion of berserk rage {unknown}
 x - a potion of haste {unknown}
 z - a potion of might {unknown}
Comestibles
 c - 8 rations


   Skills:
 - Level 2.4(2.1) Dodging
 - Level 2.4(2.1) Stealth
 + Level 7.3(7.0) Spellcasting
 + Level 5.6(5.3) Conjurations
 + Level 6.5(6.2) Fire Magic


You had 5 spell levels left.
You knew the following spells:

 Your Spells              Type           Power        Failure   Level  Hunger
a - Flame Tongue          Conj/Fire      ####.        1%          1    None
b - Conjure Flame         Conj/Fire      ####....     2%          3    #......
c - Sticky Flame          Conj/Fire      ####....     9%          4    ###....
d - Fireball              Conj/Fire      ####......   24%         5    #####..
e - Blink                 Tloc           N/A          14%         2    None

Your spell library contained the following spells:

 Spells                   Type           Power        Failure   Level  Hunger
 Magic Dart               Conj           ####         1%          1    None
 Slow                     Hex            #.......     14%         2    None
 Throw Flame              Conj/Fire      ####..       1%          2    None
 Mephitic Cloud           Conj/Pois/Air  ##......     14%         3    #......
 Call Imp                 Summ           #.......     14%         2    None
 Inner Flame              Hex/Fire       ###.....     8%          3    #......


Dungeon Overview and Level Annotations

Branches:
Dungeon (6/15)
 Temple: D:4-7

Altars:
Ashenzari
Elyvilon
Fedhas
Nemelex Xobeh
Sif Muna
Trog
Vehumet


Message History

The black bear claws you.
The black bear claws you but does no damage.
Found 3 poisoned needles, a short sword and a quarterstaff.
Found a stone staircase leading down.
Found a potion of curing.
You see here 3 poisoned needles.
You see here a potion of curing.
There is a stone staircase leading up here.
The black bear bites you. The black bear barely misses you.
The black bear claws you.
* * * LOW HITPOINT WARNING * * *
You climb upwards.
There is a stone staircase leading down here.
Unknown command.
The black bear bites you.
* * * LOW HITPOINT WARNING * * *
The black bear claws you.
* * * LOW HITPOINT WARNING * * *
The black bear claws you.
You die...

##.#......##...#
#........##...##
###......###...###
#......# #.....###
#......#
##......##
#......# ###.....#
#......# ###...##
#....h># ##...#
######@# #...# #.#
#...## #.# ##...#
#.# #...#
#.###########..#
#.............##
###############


You could see a black bear.

Vanquished Creatures
  4 ogres
  A wight (D:6)
  2 bullfrog zombies (D:5)
  A howler monkey (D:3)
  A quasit (D:5)
  A gnoll shaman (D:5)
  3 orc priests
  A bullfrog skeleton (D:5)
  2 worker ants (D:5)
  Robin (D:4)
  5 gnolls (D:5)
  4 adders
  3 oozes
  An adder skeleton (D:5)
  4 worms (D:2)
  2 dart slugs
  2 leopard geckos
  6 orcs
  3 giant cockroaches
  17 goblins
  12 hobgoblins
  8 kobolds
  2 quokkas
  7 bats
  A frilled lizard (D:2)
  A leopard gecko skeleton (D:4)
  5 rats
100 creatures vanquished.

Vanquished Creatures (others)
  A quokka (D:2)
1 creature vanquished.

Grand Total: 101 creatures vanquished

Notes
Turn   | Place    | Note
-------+----------+-------------------------------------------
     0 | D:1      | Gergoth the Deep Elf Fire Elementalist began the quest for the Orb.
     0 | D:1      | Reached XP level 1. HP: 10/10 MP: 6/6
   112 | D:1      | Reached XP level 2. HP: 15/15 MP: 2/8
   663 | D:2      | Found a white marble altar of Elyvilon.
   893 | D:2      | Reached XP level 3. HP: 19/19 MP: 8/10
  1038 | D:2      | Reached skill level 4 in Spellcasting
  1046 | D:2      | Learned a level 3 spell: Conjure Flame
  1491 | D:2      | Reached XP level 4. HP: 24/24 MP: 8/12
  1820 | D:3      | Found a shattered altar of Ashenzari.
  2765 | D:4      | Learned a level 4 spell: Sticky Flame
  2788 | D:4      | Reached XP level 5. HP: 28/28 MP: 12/14
  2848 | D:4      | Reached skill level 5 in Spellcasting
  2872 | D:4      | Noticed an ogre
  2883 | D:4      | Killed an ogre
  2883 | D:4      | Reached skill level 5 in Fire Magic
  2883 | D:4      | Reached XP level 6. HP: 32/32 MP: 7/16
  3127 | D:4      | Noticed Robin
  3167 | D:4      | Found a bloodstained altar of Trog.
  3171 | D:4      | Killed Robin
  3407 | D:5      | Entered Level 5 of the Dungeon
  3414 | D:5      | Learned a level 5 spell: Fireball
  3417 | D:5      | Learned a level 2 spell: Blink
  3421 | D:5      | Found a deep blue altar of Sif Muna.
  3512 | D:5      | Found a radiant altar of Vehumet.
  3514 | D:5      | Became a worshipper of Sif Muna the Loreminder
  3578 | D:5      | Reached skill level 6 in Spellcasting
  3654 | D:5      | Reached XP level 7. HP: 36/36 MP: 9/18
  3694 | D:5      | Got a steaming quarterstaff
  3847 | D:5      | Identified the +7 quarterstaff "Takh" {protect, -Tele +Inv rC++} (You found it on level 5 of the Dungeon)
  3857 | D:5      | Reached skill level 5 in Conjurations
  4041 | D:5      | Found a sparkling altar of Nemelex Xobeh.
  4046 | D:5      | Reached * piety under Sif Muna
  4046 | D:5      | Reached skill level 7 in Spellcasting
  4235 | D:5      | Found a blossoming altar of Fedhas.
  4694 | D:5      | Slain by a black bear

Skill      XL: |  1  2  3  4  5  6  7 |
---------------+----------------------+-----
Conjurations   | 2 3 4 5 |  5.6
Spellcasting   | 4 5 6 7 |  7.3
Fire Magic     | 4 5 6 |  6.5
Dodging        | |  2.4
Stealth        | |  2.4

Action                   |  1- 3 |  4- 6 |  7- 9 || total
-------------------------+-------+-------+-------++-------
Melee: Long sword        |       |    23 |     1 ||    24
       Quarterstaff      |       |       |     8 ||     8
 Cast: Flame Tongue      |    64 |    77 |    24 ||   165
       Sticky Flame      |       |     8 |     7 ||    15
       Conjure Flame     |       |     3 |     1 ||     4
       Fireball          |       |     1 |     3 ||     4
Invok: Divine Energy     |       |       |     1 ||     1
  Use: Scroll            |       |       |     8 ||     8
 Stab: Distracted        |       |     1 |       ||     1
  Eat: Chunk             |     1 |     8 |     1 ||    10
       Ration            |       |       |     1 ||     1
Armor: Robe              |     6 |     8 |    15 ||    29
Dodge: Dodged            |    10 |    48 |    30 ||    88
       Rpst.: Long sword |       |    15 |     2 ||    17
